 Dungeon Crawl Stone Soup version 0.28-a0-503-g83f2989fac (webtiles) character file.

Game seed: 14265519643707495309

170 MirrMurr the Thrower (level 5, 0/43 HPs)
             Began as a Gnoll Hunter on Sept 21, 2021.
             Slain by Ijyb (1 damage)
             ... on level 3 of the Dungeon.
             The game lasted 00:05:50 (3893 turns).

MirrMurr the Thrower (Gnoll Hunter)                 Turns: 3893, Time: 00:05:50

Health: 0/43       AC:  3    Str: 11    XL:     5   Next: 50%
Magic:  7/7        EV: 13    Int: 11    God:
Gold:   130        SH:  0    Dex: 13    Spells: 7/7 levels left

rFire   . . .      SeeInvis .   a - +0 short sword
rCold   . . .      Faith    .   (no shield)
rNeg    . . .      Spirit   .   b - +0 leather armour
rPois   .          Reflect  .   (no helmet)
rElec   .          Harm     .   (no cloak)
rCorr   .          Rampage  .   (no gloves)
Will    .....                   (no boots)
Stlth   ++........              (no amulet)
HPRegen 0.14/turn               (no ring)
MPRegen 0.10/turn               (no ring)

@: no status effects
A: fangs 1, strong nose, distributed training
a: no special abilities


You were on level 3 of the Dungeon.
You visited 1 branch of the dungeon, and saw 4 of its levels.

You collected 130 gold pieces.

Inventory:

Hand Weapons
 a - a +0 short sword (weapon)
Missiles
 d - a throwing net (quivered)
 o - 6 stones
Armour
 b - a +0 leather armour (worn)
Jewellery
 l - an amulet of magic regeneration
 m - a ring of flight
 r - a +4 ring of evasion
Scrolls
 e - 2 scrolls of vulnerability
Potions
 f - a potion of heal wounds
 j - a potion of degeneration {unknown}
 k - 3 potions of lignification
 p - a potion of berserk rage {unknown}
 q - 2 potions of haste
 s - a potion of flight {unknown}


   Skills:
 + Level 4.8 Fighting
 + Level 1.5 Short Blades
 + Level 1.5 Long Blades
 + Level 1.5 Axes
 + Level 1.5 Maces & Flails
 + Level 1.5 Polearms
 + Level 1.5 Staves
 + Level 1.5 Slings
 + Level 1.5 Bows
 + Level 1.5 Crossbows
 + Level 8.6 Throwing
 + Level 1.5 Armour
 + Level 4.8 Dodging
 + Level 2.8 Stealth
 + Level 1.5 Shields
 + Level 1.5 Unarmed Combat
 + Level 1.5 Spellcasting
 + Level 1.2 Conjurations
 + Level 1.2 Hexes
 + Level 1.2 Summonings
 + Level 1.2 Necromancy
 + Level 1.2 Translocations
 + Level 1.2 Transmutations
 + Level 1.2 Fire Magic
 + Level 1.2 Ice Magic
 + Level 1.2 Air Magic
 + Level 1.2 Earth Magic
 + Level 1.2 Poison Magic
 + Level 1.7 Invocations
 + Level 1.5 Evocations


You had 7 spell levels left.
You didn't know any spells.
Your spell library contained the following spells:

 Spells                   Type           Power      Damage    Failure   Level
 Apportation              Tloc           6%         N/A       24%         1
 Alistair's Intoxication  Tmut/Pois      2%         N/A       100%        5
 Invisibility             Hex            1%         N/A       100%        6


Dungeon Overview and Level Annotations

Branches:
Dungeon (4/15)
 Temple: D:4-7

Altars:

Shops:
D:3 (

Annotations:
D:3 3 runed translucent doors, Ijyb; Sigmund; Zero's ghost, amateur GrCj


Innate Abilities, Weirdness & Mutations

You have very sharp teeth.
Your uncanny sense of smell can sniff out nearby items.
Your experience applies equally to all skills.


Message History

Ijyb is severely wounded.
Sigmund closely misses you.
Ijyb hits you with a +0 dagger of speed.
* * * LOW HITPOINT WARNING * * *
You barely miss Ijyb.
Ijyb is severely wounded.
Ijyb hits you but does no damage. Ijyb barely misses you.
Sigmund closely misses you.
You closely miss Ijyb.
Ijyb is heavily wounded.
Ijyb misses you.
You hit Ijyb.
Ijyb is severely wounded.
Ijyb barely misses you. Sigmund barely misses you.
Ijyb screams, "I no like you!" Ijyb barely misses you.
You completely miss Ijyb.
Ijyb is severely wounded.
Ijyb hits you with a +0 dagger of speed.
* * * LOW HITPOINT WARNING * * *
Sigmund barely misses you.
You miss Ijyb.
Ijyb is severely wounded.
Ijyb closely misses you. x2
You hit Ijyb.
Ijyb is severely wounded.
Sigmund barely misses you. Ijyb misses you.
You barely miss Ijyb.
Ijyb is severely wounded.
Ijyb barely misses you.
Ijyb hits you with a +0 dagger of speed.
* * * LOW HITPOINT WARNING * * *
Sigmund closely misses you.
You hit Ijyb but do no damage. Your bite misses Ijyb.
Ijyb is severely wounded.
Ijyb misses you.
You barely miss Ijyb.
Ijyb is severely wounded.
Ijyb hits you with a +0 dagger of speed.
You die...

......#........# .#.####........#
....# #........# ..#.# #........#
..#.###....##..###
.##..##....##....################
.............∩..................#
####.##.......################.##
..........##..##@g@...# #...<#
#.........##...######.# #.#.##
#.###.########.# #.# #.#.# #.#
#..# #.# #@# #.#.# ..# ##.# #.#
#.# #.#.# ### #.## #.# #.# #.#.#
# #..# #.# #.# #.#.# ## ##.####
#.######.# #.#.# .# #....#
#.#..@...# #.#.#


You could see Sigmund and Ijyb.

Vanquished Creatures
  A scorpion (D:4)
  A hound (D:2)
  An iguana (D:4)
  2 worms (D:3)
  A dart slug (D:1)
  5 ball pythons
  5 bats
  6 endoplasms
  A giant cockroach (D:2)
  A goblin (D:1)
  3 hobgoblins
  3 jackals (D:2)
  9 kobolds
  9 rats
48 creatures vanquished.

Notes
Turn   | Place    | Note
-------+----------+-------------------------------------------
     0 | D:1      | MirrMurr the Gnoll Hunter began the quest for the Orb.
     0 | D:1      | Reached XP level 1. HP: 20/20 MP: 1/1
    47 | D:1      | Found a faded altar of an unknown god.
   328 | D:1      | Reached XP level 2. HP: 24/26 MP: 2/2
  1075 | D:2      | Reached XP level 3. HP: 31/31 MP: 3/3
  1153 | D:2      | Reached skill level 1 in Short Blades
  1153 | D:2      | Reached skill level 1 in Long Blades
  1153 | D:2      | Reached skill level 1 in Axes
  1153 | D:2      | Reached skill level 1 in Maces & Flails
  1153 | D:2      | Reached skill level 1 in Polearms
  1153 | D:2      | Reached skill level 1 in Staves
  1153 | D:2      | Reached skill level 1 in Slings
  1153 | D:2      | Reached skill level 1 in Bows
  1153 | D:2      | Reached skill level 1 in Crossbows
  1153 | D:2      | Reached skill level 1 in Armour
  1153 | D:2      | Reached skill level 1 in Shields
  1153 | D:2      | Reached skill level 1 in Unarmed Combat
  1153 | D:2      | Reached skill level 1 in Spellcasting
  1153 | D:2      | Reached skill level 1 in Invocations
  1153 | D:2      | Reached skill level 1 in Evocations
  1478 | D:2      | Reached XP level 4. HP: 38/38 MP: 5/5
  2314 | D:3      | Found Ulifeij's Antique Weapon Emporium.
  3314 | D:3      | Found a runed translucent gate.
  3314 | D:3      | Found a runed translucent gate.
  3314 | D:3      | Found a runed translucent gate.
  3316 | D:3      | Noticed Zero's ghost (amateur GrCj)
  3506 | D:4      | Noticed Ijyb
  3512 | D:4      | Paralysed by Ijyb for 7 turns
  3690 | D:4      | Reached skill level 1 in Conjurations
  3690 | D:4      | Reached skill level 1 in Hexes
  3690 | D:4      | Reached skill level 1 in Summonings
  3690 | D:4      | Reached skill level 1 in Necromancy
  3690 | D:4      | Reached skill level 1 in Translocations
  3690 | D:4      | Reached skill level 1 in Transmutations
  3690 | D:4      | Reached skill level 1 in Fire Magic
  3690 | D:4      | Reached skill level 1 in Ice Magic
  3690 | D:4      | Reached skill level 1 in Air Magic
  3690 | D:4      | Reached skill level 1 in Earth Magic
  3690 | D:4      | Reached skill level 1 in Poison Magic
  3786 | D:4      | Noticed a scorpion
  3792 | D:4      | Killed a scorpion
  3793 | D:4      | Reached XP level 5. HP: 39/43 MP: 5/7
  3823 | D:4      | Paralysed by Ijyb for 5 turns
  3848 | D:4      | Noticed Sigmund
  3891 | D:3      | HP: 1/43 [Ijyb (4)]
  3893 | D:3      | Slain by Ijyb

Illustrated notes

Levels and vault maps discovered:
D:1:      lightli_arrival_maybe_door_vault, layout_loops_ring,
          hellmonk_ecumenical_altar_slurped_away
D:2:      layout_basic
D:3:      layout_basic, gammafunk_ghost_necromancy, portal_sewer_entry_e,
          serial_shops, nicolae_square_shop, chequers_mini_garden,
          minmay_misc_feat_hallway
D:4:      layout_basic, uniq_sigmund, uniq_ijyb, uniq_natasha

Skill      XL: |  1  2  3  4 |
---------------+-------------+-----
Short Blades   | 1 |  1.5
Long Blades    | 1 |  1.5
Axes           | 1 |  1.5
Maces & Flails | 1 |  1.5
Polearms       | 1 |  1.5
Staves         | 1 |  1.5
Slings         | 1 |  1.5
Bows           | 1 |  1.5
Crossbows      | 1 |  1.5
Armour         | 1 |  1.5
Shields        | 1 |  1.5
Unarmed Combat | 1 |  1.5
Spellcasting   | 1 |  1.5
Invocations    | 1 |  1.7
Evocations     | 1 |  1.5
Conjurations   | 1 |  1.2
Hexes          | 1 |  1.2
Summonings     | 1 |  1.2
Necromancy     | 1 |  1.2
Translocations | 1 |  1.2
Transmutations | 1 |  1.2
Fire Magic     | 1 |  1.2
Ice Magic      | 1 |  1.2
Air Magic      | 1 |  1.2
Earth Magic    | 1 |  1.2
Poison Magic   | 1 |  1.2
Fighting       | |  4.8
Throwing       | |  8.6
Dodging        | |  4.8
Stealth        | |  2.8

Action                   |  1- 3 |  4- 6 || total
-------------------------+-------+-------++-------
Melee: Short sword       |    70 |   133 ||   203
       Bite              |     7 |    11 ||    18
       Punch             |     1 |     1 ||     2
Throw: Javelin           |     1 |     6 ||     7
       Stone             |       |    13 ||    13
       Throwing net      |       |     1 ||     1
  Use: Scroll            |       |     7 ||     7
       Potion            |       |     2 ||     2
 Stab: Sleeping          |     5 |     2 ||     7
       Invisible         |       |     3 ||     3
       Distracted        |       |     1 ||     1
Armor: Leather armour    |    12 |    17 ||    29
Dodge: Dodged            |    46 |    89 ||   135

Table legend: (Time is in decaauts)
 A = Elapsed time spent in this place.
 B = Non-inter-level travel time spent in this place.
 C = Inter-level travel time spent in this place.
 D = Time resting spent in this place.
 E = Time spent auto-exploring this place.
 F = Levels seen in this place.
 G = Mean time per level.
                   A        B        C        D        E       F      G
               +--------+--------+--------+--------+--------+-----+--------+
         Total |   3906 |   3727 |    179 |     27 |   3164 |   4 |  976.5 |
       Dungeon |   3906 |   3727 |    179 |     27 |   3164 |   4 |  976.5 |
               +--------+--------+--------+--------+--------+-----+--------+

Top non-repeatable levels by time:
     D:2: 1297 daAuts
     D:3: 1287 daAuts
     D:1: 1008 daAuts
     D:4: 313 daAuts
